 Dungeon Crawl Stone Soup version 0.26.1-11-gd32895ea62 (webtiles) character file.

Game seed: 16054923748650398246

562 Silvore the Slasher (level 7, -7/42 (52) HPs)
             Began as a Demonspawn Gladiator on June 29, 2021.
             Was a Follower of Okawaru.
             Killed by divine providence
             ... invoked by an orc priest
              (10 damage)
             ... on level 5 of the Dungeon.
             The game lasted 00:09:57 (5968 turns).

Silvore the Slasher (Demonspawn Gladiator)          Turns: 5968, Time: 00:09:57

HP:   -7/42 (52)    AC:  8    Str: 16    XL:     7   Next: 10%
MP:   0/7           EV: 12    Int:  9    God:    Okawaru [*.....]
Gold: 301           SH:  0    Dex: 15    Spells: 6/6 levels left

rFire    . . .     SeeInvis +   a - +1 long sword
rCold    . . .     Faith    .   (no shield)
rNeg     . . .     Spirit   +   h - +1 ring mail
rPois    .         Reflect  .   c - +0 helmet
rElec    .         Harm     .   m - scarf {+Inv}
rCorr    .         Rampage  .   t - +0 pair of gloves
Will     .....                  (no boots)
Stlth    +.........             (no amulet)
HPRegen  0.14/turn              o - ring of see invisible
MPRegen  0.10/turn              x - ring of flight

@: heavily drained
A: claws 2, powered by pain 1, magic shield
a: Renounce Religion, Evoke Invisibility, Evoke Flight, Heroism


You were on level 5 of the Dungeon.
You worshipped Okawaru.
Okawaru was aware of your devotion.
You visited 2 branches of the dungeon, and saw 6 of its levels.

You collected 301 gold pieces.

Inventory:

Hand Weapons
 a - a +1 long sword (weapon)
Missiles
 d - 3 throwing nets (quivered)
Armour
 b - a +0 leather armour
 c - a +0 helmet (worn)
 h - a +1 ring mail (worn)
 k - a +2 hat
 m - a scarf of invisibility (worn)
 p - a +1 leather armour
 t - a +0 pair of gloves (worn)
Jewellery
 o - a ring of see invisible (left hand)
 x - a ring of flight (right hand)
Wands
 w - a wand of digging (3)
 A - a wand of acid (3)
 C - a wand of disintegration (9)
Scrolls
 e - a scroll of blinking
 g - 2 scrolls of identify
 s - a scroll of enchant weapon
 y - a scroll of remove curse
 z - 2 scrolls of enchant armour
 B - 2 scrolls of teleportation
 D - a scroll of amnesia {unknown}
Potions
 f - a potion of heal wounds {unknown}
 i - a potion of degeneration {unknown}
 j - a potion of curing
 l - a potion of lignification {unknown}
 n - a potion of berserk rage
 q - a potion of attraction {unknown}
 r - 2 potions of invisibility
 u - a potion of flight {unknown}
 v - a potion of brilliance {unknown}


   Skills:
 + Level 3.3 Fighting
 + Level 5.3 Long Blades
 + Level 2.1 Throwing
 + Level 3.0 Armour
 + Level 3.7 Dodging
 + Level 0.5 Stealth


You had 6 spell levels left.
You didn't know any spells.
Your spell library contained the following spells:

 Spells                   Type           Power        Failure   Level
 Beastly Appendage        Tmut           0%           58%         1
 Wereblood                Tmut           0%           75%         2
 Spider Form              Tmut/Pois      0%           92%         3
 Ice Form                 Ice/Tmut       0%           100%        4
 Blade Hands              Tmut           0%           100%        5


Dungeon Overview and Level Annotations

Branches:
Dungeon (5/15)             Temple (1/1) D:4

Altars:
Ashenzari
Gozag
Kikubaaqudgha
Makhleb
Nemelex Xobeh
Okawaru
Qazlal
Ru
Trog
Uskayaw
Vehumet
Wu Jian
Xom
Yredelemnul
Zin
The Shining One

Annotations:
D:4 2 transporters


Innate Abilities, Weirdness & Mutations

You have very sharp fingernails.
You sometimes gain a little power by taking damage.
When hurt, damage is shared between your health and your magic reserves.


Message History

* * * LOW HITPOINT WARNING * * *
The quokka bites you but does no damage.
The orc priest mumbles some strange prayers to Beogh against you.
Beogh smites you!
* * * LOW HITPOINT WARNING * * *
You focus on the pain.
You feel your power returning.
The orc wizard begins to cast a cantrip, but forgets the words!
The quokka closely misses you.
The orc wizard looks braver for a moment.
The orc priest begins to cast a cantrip, but forgets the words!
The orc throws a stone.
The stone barely misses you.
The orc wizard looks satisfied for a moment.
You see here a stone.
The orc wizard points at you and mumbles some strange words.
The puff of frost hits you.
* * * LOW HITPOINT WARNING * * *
The quokka bites you but does no damage.
The orc priest mumbles some strange prayers to Beogh against you.
Beogh smites you!
You die...

.............#.................#
..#...#...#..........รท.........#
.#.#...#.#...##...###.......#.##
#...#...#o.......###......###.#
..........o(.#.......<.##### .
..#..o#..o#..........#.......
.#.#...#.#o.......#..##......
#...#...#.....#r.##..^..#....
................@....####...)
..............#..........####
..#.........#.....[......###
....####....#.##...........# ###
#....#.##............# ..##
#......###...#######..
#..#####....#...#...# #
##.........##...#...#
###.......####.....#


You could see an orc priest, 3 orc wizards and a quokka.

Vanquished Creatures
  An ogre (D:4)
  A howler monkey (D:4)
  A jelly (D:5)
  A hound (D:5)
  2 iguanas
  Terence (D:2)
  4 worker ants
  4 gnolls
  5 adders
  A shadow imp (D:4)
  3 oozes
  An adder skeleton (D:4)
  A dart slug (D:1)
  8 leopard geckos
  11 orcs
  10 bats
  4 giant cockroaches
  7 goblins
  4 hobgoblins
  4 jackals (D:1)
  8 kobolds
  2 quokkas
  A ball python (D:5)
  A ball python skeleton (D:3)
  5 frilled lizards
  8 rats
99 creatures vanquished.

Notes
Turn   | Place    | Note
-------+----------+-------------------------------------------
     0 | D:1      | Silvore the Demonspawn Gladiator began the quest for the
                  | Orb.
     0 | D:1      | Reached XP level 1. HP: 16/16 MP: 1/1
   218 | D:1      | Gained mutation: You sometimes gain a little power by
                  | taking damage. [demonic ancestry]
   218 | D:1      | Reached XP level 2. HP: 16/22 MP: 2/2
   327 | D:1      | Reached skill level 3 in Long Blades
   715 | D:1      | Gained mutation: You have sharp fingernails. [demonic
                  | ancestry]
   715 | D:1      | Reached XP level 3. HP: 27/27 MP: 3/3
  1180 | D:2      | Noticed Terence
  1198 | D:2      | Killed Terence
  1199 | D:2      | Reached skill level 1 in Armour
  1312 | D:1      | Gained mutation: When hurt, damage is shared between your
                  | health and your magic reserves. [demonic ancestry]
  1312 | D:1      | Reached XP level 4. HP: 9/33 MP: 4/4
  2116 | D:2      | Found a faded altar of an unknown god.
  2827 | D:3      | Reached XP level 5. HP: 34/38 MP: 5/5
  3070 | D:3      | Reached skill level 4 in Long Blades
  3646 | D:4      | Found a transporter.
  3646 | D:4      | Found a transporter.
  3648 | D:4      | Noticed a wyvern
  3715 | D:4      | Found a sacrificial altar of Ru.
  3715 | D:4      | Found a hide-covered altar of Uskayaw.
  3715 | D:4      | Found a shimmering altar of Xom.
  4182 | D:4      | Found a staircase to the Ecumenical Temple.
  4192 | Temple   | Entered the Ecumenical Temple
  4311 | Temple   | Became a worshipper of Warmaster Okawaru
  4458 | D:4      | Noticed an ogre
  4462 | D:4      | Killed an ogre
  4463 | D:4      | Reached XP level 6. HP: 31/46 MP: 4/6
  4906 | D:5      | Entered Level 5 of the Dungeon
  5507 | D:4      | Reached * piety under Okawaru
  5508 | D:4      | Reached skill level 5 in Long Blades
  5721 | D:5      | Gained mutation: You have very sharp fingernails. [demonic
                  | ancestry]
  5721 | D:5      | Reached XP level 7. HP: 37/41 MP: 7/7
  5968 | D:5      | Killed from afar by an orc priest

Illustrated notes

Levels and vault maps discovered:
D:1:      lemuel_arrival_behind_the_door_large, layout_rooms, minivault_5
D:2:      layout_rooms, chequers_ecumenical_altar_island, minmay_pentomino_q2,
          uniq_terence
D:3:      layout_basic
D:4:      layout_basic, gammafunk_temple_overflow_arena,
          minmay_temple_entry_metal_lava
D:5:      cheibrodos_fzero, layout_rooms, biasface_ghost_orc_armoury,
          nicolae_ru_sacrificial_ziggurat
Temple:   hc_temple_tempest_star

Skill      XL: |  1  2  3  4  5  6  7 |
---------------+----------------------+-----
Throwing       | 2 |  2.1
Dodging        | 3 |  3.7
Long Blades    | 3 4 5 |  5.3
Armour         | 1 2 3 |  3.0
Fighting       | 3 |  3.3
Stealth        | |  0.5

Action                   |  1- 3 |  4- 6 |  7- 9 || total
-------------------------+-------+-------+-------++-------
Melee: Long sword        |    88 |   232 |    16 ||   336
  Use: Scroll            |     5 |    11 |       ||    16
       Potion            |       |     1 |       ||     1
 Stab: Sleeping          |       |     1 |       ||     1
Armor: Leather armour    |    23 |     9 |       ||    32
       Ring mail         |     7 |    94 |    13 ||   114
       Skin              |       |     3 |       ||     3
Dodge: Dodged            |    83 |   221 |    16 ||   320
       Rpst.: Long sword |    22 |    69 |     4 ||    95
